 Dungeon Crawl Stone Soup version 0.29-a0-275-g389c0b56f3 (webtiles) character file.

Game seed: 11786738613101142849

221 sanka the Ducker (level 5, -2/47 HPs)
             Began as a Gnoll Monk on Mar 11, 2022.
             Was a Priest of Ru.
             Slain by a goblin
             ... wielding a +0 club
              (5 damage)
             ... on level 4 of the Dungeon.
             The game lasted 00:05:57 (2984 turns).

sanka the Ducker (Gnoll Monk)                       Turns: 2984, Time: 00:05:58

Health: -2/47      AC: -4    Str: 12    XL:     5   Next: 98%
Magic:  7/7        EV: 15    Int: 10    God:    Ru [***...]
Gold:   182        SH:  0    Dex: 14    Spells: 7/7 levels left

rFire   . . .      SeeInvis .   a - +0 dagger (elec)
rCold   . . .      Faith    .   (shield unavailable)
rNeg    . . .      Spirit   .   r - +0 robe
rPois   .          Reflect  .   f - +2 hat
rElec   .          Harm     .   n - +0 cloak
rCorr   .          Rampage  .   h - +0 pair of gloves
Will    .....                   i - +0 pair of boots
Stlth   +++.......              (no amulet)
HPRegen 0.15/turn               (ring unavailable)
MPRegen 0.10/turn               (no ring)

@: corroded
A: fangs 1, missing a hand, strong nose, distributed training
a: Renounce Religion, Draw Out Power


You were on level 4 of the Dungeon.
You worshipped Ru.
Ru was most pleased with you.
You visited 1 branch of the dungeon, and saw 4 of its levels.

You collected 182 gold pieces.


Innate Abilities, Weirdness & Mutations

You have very sharp teeth.
You are missing a hand.
Your uncanny sense of smell can sniff out nearby items.
Your experience applies equally to all skills.


   Skills:
 + Level 6.7 Fighting
 + Level 1.7 Short Blades
 + Level 1.7 Long Blades
 + Level 6.7 Axes
 + Level 1.7 Maces & Flails
 + Level 1.7 Polearms
 + Level 1.7 Staves
 + Level 1.7 Slings
   Level 0.0 Bows
 + Level 1.7 Crossbows
 + Level 1.7 Throwing
 + Level 1.7 Armour
 + Level 6.7 Dodging
 + Level 4.5 Stealth
   Level 0.0 Shields
 + Level 1.7 Unarmed Combat
 + Level 1.7 Spellcasting
 + Level 1.3 Conjurations
 + Level 1.3 Hexes
 + Level 1.3 Summonings
 + Level 1.3 Necromancy
 + Level 1.3 Translocations
 + Level 1.3 Transmutations
 + Level 1.3 Fire Magic
 + Level 1.3 Ice Magic
 + Level 1.3 Air Magic
 + Level 1.3 Earth Magic
 + Level 1.3 Poison Magic
 + Level 1.9 Invocations
 + Level 1.7 Evocations


You had 7 spell levels left.
You didn't know any spells.
Your spell library was empty.

Inventory:

Hand Weapons
 a - a +0 dagger of electrocution (weapon)
 b - a +0 hand axe
Armour
 f - a +2 hat (worn)
 h - a +0 pair of gloves (worn)
 i - a +0 pair of boots (worn)
 n - a +0 cloak (worn)
 o - a +0 helmet
 r - a +0 robe (worn)
Magical Staves
 v - a staff of death
Wands
 t - a wand of flame (10)
Scrolls
 d - 2 scrolls of enchant weapon {unknown}
 e - 3 scrolls of vulnerability {unknown}
 k - 2 scrolls of fear {unknown}
 l - a scroll of blinking {unknown}
 m - a scroll of teleportation {unknown}
 q - 2 scrolls of identify {unknown}
 s - a scroll of torment {unknown}
 u - a scroll of fog {unknown}
Potions
 c - 3 potions of ambrosia
 g - a potion of haste {unknown}
 j - 2 potions of curing {unknown}
 p - a potion of lignification {unknown}
 w - a potion of mutation {unknown}

Dungeon Overview and Level Annotations

Branches:
Dungeon (4/15)
 Temple: D:4-7

Altars:
Ashenzari
Gozag
Ru

▒.▒ ▒▒▒▒▒▒▒ ▒.▒ ▒
▒▒.▒▒▒▒▒▒▒▒▒ ▒
▒.(........▒ ▒ ▒.∆
▒..........▒ ▒
▒..▒▒▒......>...▒▒▒▒▒▒
▒...£.................
▒.. ▒.g.........▒▒▒▒▒▒
▒...▒g▒............▒▒▒
▒...▒.▒▒▒▒▒▒▒▒▒▒▒▒....
▒.....▒▒▒ ▒▒▒▒▒▒▒
▒.......▒▒▒ ▒▒.....▒
▒...▒▒▒...▒▒▒▒▒.......
▒... ▒▒▒.............
▒... ▒▒▒▒▒▒.▒▒▒▒.▒▒
▒▒. ▒.▒...).. ▒.
▒.▒......


You could see a goblin.


Message History

Lightning courses through the jelly!!
You kill the jelly!
The goblin closely misses you.
Unknown command.
You hit the goblin but do no damage. The goblin closely misses you.
You hit the goblin but do no damage. You miss the goblin.
The goblin hits you with a +0 club.
* * * LOW HITPOINT WARNING * * *
You closely miss the goblin. The goblin hits you with a +0 club.
* * * LOW HITPOINT WARNING * * *
You miss the goblin. The goblin hits you with a +0 club.
* * * LOW HITPOINT WARNING * * *
You barely miss the goblin. You bite the goblin, but do no damage.
The goblin hits you with a +0 club.
* * * LOW HITPOINT WARNING * * *
The goblin attacks as you move away! The goblin misses you.
The goblin attacks as you move away!
The goblin is stunned by your conviction and fails to attack.
The goblin attacks as you move away! The goblin hits you with a +0 club.
* * * LOW HITPOINT WARNING * * *
The goblin attacks as you move away! The goblin hits you with a +0 club.
You die...

Action                   |  1- 3 |  4- 6 || total
-------------------------+-------+-------++-------
Melee: Hand axe          |   103 |    35 ||   138
       Bite              |     5 |    12 ||    17
       Dagger            |       |   117 ||   117
Invok: Sacrifice a Hand  |     1 |       ||     1
 Stab: Sleeping          |    15 |     5 ||    20
       Distracted        |       |     1 ||     1
Armor: Robe              |    20 |    31 ||    51
Dodge: Dodged            |    47 |   125 ||   172

Levels and vault maps discovered:
D:1:      spicycebolla_arrival_xxxplode, layout_loops_ring,
          dreamdust_ecumenical_altar_angels_and_demons
D:2:      layout_loops_ring, basic_altar
D:3:      layout_basic, uniq_robin
D:4:      layout_rooms, lemuel_tele_altar

Notes
Turn   | Place    | Note
-------+----------+-------------------------------------------
     0 | D:1      | sanka the Gnoll Monk began the quest for the Orb.
     0 | D:1      | Reached XP level 1. HP: 23/23 MP: 1/1
   136 | D:1      | Reached XP level 2. HP: 27/29 MP: 2/2
   414 | D:1      | Found a faded altar of an unknown god.
   420 | D:1      | Prayed at the altar of an unknown god.
   420 | D:1      | Became a worshipper of Ru the Awakened
   429 | D:1      | Gained mutation: You are missing a hand. [Ru sacrifice]
   429 | D:1      | Reached * piety under Ru
   429 | D:1      | Reached ** piety under Ru
   429 | D:1      | Reached *** piety under Ru
  1004 | D:2      | Reached XP level 3. HP: 35/35 MP: 3/3
  1417 | D:2      | Found an opulent altar of Gozag.
  1554 | D:2      | Reached skill level 1 in Invocations
  1775 | D:3      | Reached skill level 1 in Short Blades
  1775 | D:3      | Reached skill level 1 in Long Blades
  1775 | D:3      | Reached skill level 1 in Maces & Flails
  1775 | D:3      | Reached skill level 1 in Polearms
  1775 | D:3      | Reached skill level 1 in Staves
  1775 | D:3      | Reached skill level 1 in Slings
  1775 | D:3      | Reached skill level 1 in Crossbows
  1775 | D:3      | Reached skill level 1 in Throwing
  1775 | D:3      | Reached skill level 1 in Armour
  1775 | D:3      | Reached skill level 1 in Unarmed Combat
  1775 | D:3      | Reached skill level 1 in Spellcasting
  1775 | D:3      | Reached skill level 1 in Evocations
  1840 | D:3      | Reached XP level 4. HP: 41/41 MP: 5/5
  1874 | D:3      | Noticed Robin
  1894 | D:3      | Killed Robin
  2008 | D:3      | Reached skill level 1 in Conjurations
  2008 | D:3      | Reached skill level 1 in Hexes
  2008 | D:3      | Reached skill level 1 in Summonings
  2008 | D:3      | Reached skill level 1 in Necromancy
  2008 | D:3      | Reached skill level 1 in Translocations
  2008 | D:3      | Reached skill level 1 in Transmutations
  2008 | D:3      | Reached skill level 1 in Fire Magic
  2008 | D:3      | Reached skill level 1 in Ice Magic
  2008 | D:3      | Reached skill level 1 in Air Magic
  2008 | D:3      | Reached skill level 1 in Earth Magic
  2008 | D:3      | Reached skill level 1 in Poison Magic
  2317 | D:3      | Reached XP level 5. HP: 46/47 MP: 6/6
  2921 | D:4      | Found a broken altar of Ashenzari.
  2983 | D:4      | HP: 3/47 [goblin/+0 club (4)]
  2984 | D:4      | Slain by a goblin

Vanquished Creatures
  A jelly (D:4)
  Robin (D:3)
  4 gnolls (D:3)
  7 adders
  A dart slug (D:1)
  3 orcs (D:3)
  4 bats
  7 endoplasms
  2 giant cockroaches (D:2)
  10 goblins
  7 hobgoblins
  3 jackals (D:3)
  6 kobolds
  3 quokkas
  10 ball pythons
  5 frilled lizards
  7 rats
81 creatures vanquished.

Vanquished Creatures (others)
  A goblin (D:3)
1 creature vanquished.

Grand Total: 82 creatures vanquished
